Map: Rifts to Korhal

Players

NamroodTuo

  • Race: Terran Terran

Dankan

  • Race: Zerg Zerg

VOD

Have the link to the VOD?

Description

Time

  • Played on: June 8, 2023, 4:35 a.m.
  • Length: 24:49
Show
View Real Time Build Order
Export as new Build Order

NamroodTuo Terran 

Build Orders:  

Get SALT Encoding   

  12  0:06  SCV  
  13  0:23  SCV  
  14  0:34  Refinery  
  14  0:38  Refinery  
  14  0:40  SCV  
  15  0:57  SCV  
  16  1:14  SCV  
  17  1:26  Engineering Bay  
  17  1:30  Engineering Bay  
  17  1:31  SCV  
  18  1:48  SCV  
  19  2:05  SCV  
  19  2:06  Outlaw Weapons Level 1  
  20  3:01  Tychus  
  19  3:15  Outlaw Life and Armor Level 1  
  19  3:31  SCV  
  19  3:37  Command Center  
  20  3:48  SCV, Gunslingers Hideout  
  21  4:05  SCV  
  22  4:20  Outlaw Weapons Level 2  
  22  4:22  SCV  
  23  4:38  SCV  
  24  4:55  SCV  
  25  5:07  Muscle Armory  
  25  5:12  SCV  
  26  5:29  SCV  
  27  5:36  James Sirius Sykes  
  37  5:46  SCV  
  38  6:40  Medivac Platform, Outlaw Life and Armor Level 2  
  38  6:45  Fixers Safehouse  
  38  6:46  SCV  
  39  7:03  SCV  
  39  7:09  Command Center  
  40  7:20  SCV  
  41  7:37  SCV  
  42  7:54  SCV  
  43  8:11  SCV  
  44  8:27  SCV  
  45  8:34  Vega  
  55  8:43  SCV  
  56  9:00  SCV  
  57  9:17  SCV  
  58  9:38  Rob Cannonball Boswell  
  68  9:46  SCV  
  69  9:53  Refinery  
  69  10:10  Outlaw Weapons Level 3  
  69  10:13  Outlaw Life and Armor Level 3  
  69  11:21  Medivac Platform  
  69  12:25  Medivac Platform  
  69  12:42  Kev Rattlesnake West  
  79  12:50  ITC-E Triggers  
  79  12:54  Endurance Supplements  
  79  13:04  SCV  
  79  13:08  Refinery  
  80  13:21  SCV  
  81  13:38  SCV  
  82  13:55  SCV  
  83  14:12  SCV  
  74  15:24  Outlaw Weapons Level 4  
  74  15:26  Outlaw Life and Armor Level 4  
  74  15:41  KD9a Implosion Core  
  84  17:34  Neural Disruption Device, Moebius Psionic Motivator  
  84  17:35  Psi Projector  
  84  17:44  X-71 Impact Boots, Umojan Signal Modulator  
  84  18:24  Big Red Button  
  84  18:26  Flashforce GDM Visor  
  84  20:01  Outlaw Weapons Level 5  
  84  20:03  Outlaw Life and Armor Level 5  
Show
View Real Time Build Order
Export as new Build Order

Dankan Zerg 

Build Orders:  

Get SALT Encoding   

  12  0:03  Infested SCV  
  13  0:13  Infested SCV  
  14  0:32  Infested SCV  
  15  0:40  Infested Barracks  
  15  0:48  Infested Refinery  
  15  0:57  Overlord  
  15  1:07  Infested Refinery  
  15  1:39  Infested SCV  
  16  1:40  Infested SCV x4  
  20  1:50  Infested Barracks Tech Lab  
  20  2:08  Infested SCV  
  21  2:21  Overlord  
  21  2:27  Infested SCV  
  22  3:07  Infested SCV x2  
  24  3:14  Infested Command Center  
  24  3:28  Infested Factory  
  24  3:40  Infested SCV x2  
  26  3:55  Infested Factory  
  26  4:14  Infested Starport  
  26  4:18  Infested SCV  
  27  4:20  Infested SCV  
  28  4:35  Infested Diamondback  
  31  4:44  Overlord  
  31  4:54  Infested SCV  
  31  4:55  Infested SCV  
  33  5:32  Infested Command Center  
  33  5:52  Infested SCV x5  
  33  5:53  Infested SCV x3  
  33  5:56  Infested Factory Tech Lab x2  
  33  5:57  Infested Starport Tech Lab  
  41  6:02  Infested Armory  
  41  6:09  Infested Armory  
  41  6:16  Infested Refinery  
  41  6:19  Infested SCV  
  42  6:20  Infested Refinery  
  42  6:25  Infested SCV  
  42  6:26  Infested SCV  
  44  6:33  Saturated Cultures  
  44  6:39  Viral Contamination  
  44  6:45  Automated Mitosis  
  44  7:00  Infested SCV x2  
  44  7:01  Infested SCV x2  
  44  7:03  Infested SCV  
  44  7:06  Infested SCV  
  50  7:19  Infested Starport  
  50  7:22  Infested SCV  
  50  7:23  Infested SCV  
  52  7:30  Aggressive Incubation  
  52  7:36  Overlord  
  52  7:54  Stukov Vehicle and Ship Weapons Level 1  
  52  7:57  Stukov Vehicle and Ship Armor Level 1  
  52  8:02  Infested Liberator x2  
  52  8:05  Infested Liberator  
  61  8:39  Unknown  
  61  9:07  Overlord x2  
  61  9:08  Overlord x5  
  61  9:09  Overlord x3  
  61  9:12  Infested Starport Tech Lab  
  61  9:14  Rapid Hibernation  
  61  9:38  Infested Liberator x4  
  61  9:39  Infested Liberator x3  
  82  10:03  Infested Liberator x2  
  82  10:07  Infested Diamondback  
  82  10:09  Infested Diamondback  
  94  10:25  Infested Factory  
  94  10:36  Brood Queen  
  96  11:01  Stukov Vehicle and Ship Weapons Level 2  
  96  11:25  Unknown x2  
  96  11:31  Unknown x10  
  96  11:42  Infested Liberator x4  
  108  12:25  Unknown x12  
  108  12:29  Stukov Vehicle and Ship Armor Level 2  
  108  12:32  Infested Diamondback x4  
  108  12:36  Infested Factory Tech Lab  
  120  12:59  Overseer x3  
  120  13:04  Infested Siege Tank  
  111  13:50  Infested Siege Tank  
  111  13:51  Infested Siege Tank x4  
  126  14:22  Infested Siege Tank x3  
  132  14:41  Unknown x11  
  132  14:45  Unknown  
  132  14:48  Unknown x6  
  132  14:49  Unknown x4  
  114  14:52  Unknown x2  
  114  14:54  Unknown x9  
  108  15:13  Stukov Vehicle and Ship Weapons Level 3  
  108  15:14  Infested Diamondback  
  108  15:15  Infested Diamondback x2  
  133  15:30  Infested SCV x3  
  133  15:31  Infested SCV  
  133  15:37  Infested Engineering Bay  
  133  15:38  Infested Engineering Bay  
  137  15:41  Retinal Augmentation  
  137  15:55  Infested Bunker  
  137  15:58  Infested Bunker  
  137  15:59  Infested Bunker  
  134  16:05  Infested Bunker  
  134  16:23  Unknown x5  
  129  16:51  Unknown x10  
  129  16:57  Unknown x10  
  129  17:08  Infested Bunker  
  133  17:12  Infested Barracks  
  133  17:14  Infested Barracks  
  133  17:19  Infested Barracks  
  133  17:22  Infested Liberator  
  133  17:23  Infested Liberator x2  
  142  17:39  Unknown x6  
  127  17:45  Infested Barracks, Unknown x7  
  92  17:51  Infested Barracks  
  92  17:52  Unknown  
  89  18:11  Infested Liberator  
  89  18:12  Infested Liberator x8  
  89  18:14  Overlord  
  89  18:15  Overlord x4  
  89  18:16  Overlord x5  
  89  18:18  Infested Barracks  
  89  18:19  Overseer  
  116  18:20  Overseer x3  
  116  18:25  Infested Barracks  
  116  18:28  Stukov Infantry Weapons Level 1  
  116  18:30  Stukov Infantry Armor Level 1  
  116  19:40  Infested Marine x2  
  116  19:41  Infested Marine x21  
  116  19:42  Infested Marine x21  
  116  19:43  Infested Marine x21  
  116  19:44  Infested Marine x5  
  186  19:53  Infested Diamondback x4  
  186  19:57  Overlord x2  
  175  20:34  Unknown x11  
  175  20:36  Unknown  
  151  21:07  Infested Barracks  
  151  21:09  Infested Barracks  
  126  21:10  Infested Liberator x2  
  126  21:11  Infested Liberator x4  
  126  21:12  Infested Liberator x4  
  155  21:28  Infested Barracks  
  143  21:31  Infested Barracks  
  143  21:35  Unknown x9  
  133  21:43  Unknown x5  
  133  21:44  Unknown x4  
  133  21:47  Infested Barracks  
  130  21:50  Infested Liberator x3  
  130  21:51  Infested Barracks  
  139  22:09  Unknown x9  
  121  22:13  Infested Liberator  
  121  22:14  Infested Liberator x2  
  121  22:16  Unknown x12  
  103  22:21  Unknown x3  
  91  22:32  Infested Marine  
  91  22:33  Infested Marine x19  
  91  22:34  Unknown x4  
  91  22:37  Unknown  
  111  22:40  Unknown  
  111  22:41  Unknown x2  
  111  22:43  Unknown x4  
  111  22:45  Unknown  
  111  22:47  Unknown  
  111  22:49  Infested Marine x7  
  109  22:50  Infested Marine x13  
  109  22:52  Infested Marine x6  
  109  22:53  Infested Marine x21  
  109  22:54  Infested Marine x21  
  109  22:55  Infested Marine x21  
  109  22:56  Infested Marine x10  
  198  23:04  Infested Diamondback  
  198  23:06  Infested Diamondback  
  143  23:22  Infested Marine x13  
  143  23:23  Infested Marine x9  
  143  23:24  Infested Marine x2  
  143  23:25  Infested Marine  
  143  23:26  Infested Marine x2  
  143  23:27  Infested Marine  
  143  23:28  Infested Marine  
  143  23:29  Infested Marine x2  
  138  23:30  Infested Marine  
  138  23:31  Infested Marine  
  131  23:44  Unknown x5  
  107  23:50  Unknown x5  
  107  23:54  Unknown x5  
  75  24:22  Infested Liberator x8  
Tags
 
Commander
StukovTychus
Matchup
Co-op
Replay Pack
Multiplayer
Add a new tag
Caveats
  • Supply blocks, unpowered buildings, or Contaminate may cause inaccurate times.
  • Supply counts are checked every 10 seconds.